BR (22 & UNDER)
PLYMOUTH COCKS @ CLEARWATER CRAB PEOPLE
08/07/2029
 
TOP OF THE 1ST
Plymouth Cocks batting - Pitching for Clearwater Crab People : RHP Domingo Feliciano
Pitching: RHP Domingo Feliciano
Batting: SHB José Chávez 0-0: Called Strike
0-1: Ball
1-1: Foul Ball, location: 2F
1-2: Fly out, F6 (Line Drive, 6M)
Batting: RHB Nicolas Fillion 0-0: Ball
1-0: Ball
2-0: Ball
3-0: Called Strike
3-1: Fly out, F8 (Flyball, 8RD)
Batting: LHB T.J. Richardson 0-0: Ground out 6-3 (Groundball, 6)
Top of the 1st over - 0 runs, 0 hits, 0 errors, 0 left on base; Plymouth 0 - Clearwater 0
BOTTOM OF THE 1ST
Clearwater Crab People batting - Pitching for Plymouth Cocks : RHP Jim Sykes
Pitching: RHP Jim Sykes
Batting: RHB Brandon Davis 0-0: Called Strike
0-1: Ball
1-1: Ball
2-1: Called Strike
2-2: Strikes out looking
Batting: RHB Palmer Frazier 0-0: Ball
1-0: Ball
2-0: Foul Ball, location: 2F
2-1: Ball
3-1: Ground out 4-3 (Groundball, 4)
Batting: LHB Ramón Martínez 0-0: Ball
1-0: Fly out, F5 (Popup, 5F)
Bottom of the 1st over - 0 runs, 0 hits, 0 errors, 0 left on base; Plymouth 0 - Clearwater 0
TOP OF THE 2ND
Plymouth Cocks batting - Pitching for Clearwater Crab People : RHP Domingo Feliciano
Batting: RHB Dwayne Roldán 0-0: Ball
1-0: Swinging Strike
1-1: Called Strike
1-2: Strikes out swinging
Batting: RHB Marcos Pérez 0-0: Called Strike
0-1: Ground out 6-3 (Groundball, 6S)
Batting: RHB Rafael Hill 0-0: Ball
1-0: Called Strike
1-1: Foul Ball, location: 2F
1-2: Strikes out looking
Top of the 2nd over - 0 runs, 0 hits, 0 errors, 0 left on base; Plymouth 0 - Clearwater 0
BOTTOM OF THE 2ND
Clearwater Crab People batting - Pitching for Plymouth Cocks : RHP Jim Sykes
Batting: RHB Artie Mills 0-0: Called Strike
0-1: Ball
1-1: Ball
2-1: Swinging Strike
2-2: Strikes out swinging
Batting: RHB Derrek Lane 0-0: Ball
1-0: Called Strike
1-1: Foul Ball, location: 2F
1-2: Ball
2-2: Strikes out swinging
Batting: RHB Terry Davis 0-0: Called Strike
0-1: Swinging Strike
0-2: Ball
1-2: Fly out, F7 (Line Drive, 7LM)
Bottom of the 2nd over - 0 runs, 0 hits, 0 errors, 0 left on base; Plymouth 0 - Clearwater 0
TOP OF THE 3RD
Plymouth Cocks batting - Pitching for Clearwater Crab People : RHP Domingo Feliciano
Batting: RHB José González 0-0: Ball
1-0: Called Strike
1-1: Called Strike
1-2: DOUBLE (Flyball, 8RXD)
Batting: LHB Vito Ramírez 0-0: Foul Ball, location: 2F
0-1: Foul Ball, location: 2F
0-2: Ball
1-2: Foul Ball, location: 2F
1-2: Fly out, F8 (Flyball, 89S)
Batting: LHB Arturo Nieves 0-0: Ball
1-0: Foul Ball, location: 2F
1-1: Called Strike
1-2: SINGLE (Line Drive, 4)
José González to third
Batting: SHB José Chávez 0-0: Ball
1-0: Called Strike
Arturo Nieves steals 2nd base
1-1: Swinging Strike
1-2: Foul Ball, location: 2F
1-2: Ball
2-2: Ball
3-2: Strikes out swinging
Batting: RHB Nicolas Fillion 0-0: Ball
1-0: Called Strike
1-1: Fly out, F9 (Flyball, 9LS)
Top of the 3rd over - 0 runs, 2 hits, 0 errors, 2 left on base; Plymouth 0 - Clearwater 0
BOTTOM OF THE 3RD
Clearwater Crab People batting - Pitching for Plymouth Cocks : RHP Jim Sykes
Batting: RHB Juan Carlos Cruz 0-0: Ball
1-0: Called Strike
1-1: Called Strike
1-2: Strikes out looking
Batting: RHB Bud Manning 0-0: Called Strike
0-1: Ball
1-1: Called Strike
1-2: Ball
2-2: Fly out, F8 (Flyball, 8RXD)
Batting: RHB Gerald Hayes 0-0: Ground out 4-3 (Groundball, 4)
Bottom of the 3rd over - 0 runs, 0 hits, 0 errors, 0 left on base; Plymouth 0 - Clearwater 0
TOP OF THE 4TH
Plymouth Cocks batting - Pitching for Clearwater Crab People : RHP Domingo Feliciano
Batting: LHB T.J. Richardson 0-0: Swinging Strike
0-1: Ball
1-1: Ground out U3 (Groundball, 3)
Batting: RHB Dwayne Roldán 0-0: Ball
1-0: Ball
2-0: Called Strike
2-1: SOLO HOME RUN (Flyball, 7LD), Distance : 356 ft
Batting: RHB Marcos Pérez 0-0: Ball
1-0: Ball
2-0: SINGLE (Groundball, 56D)
Batting: RHB Rafael Hill 0-0: Swinging Strike
0-1: Ball
1-1: SINGLE (Groundball, 6MD)
Marcos Pérez to second
Batting: RHB José González 0-0: Ball
1-0: Fielders Choice at 2nd, 6-4 (Groundball, 56)
Marcos Pérez to third
Batting: LHB Vito Ramírez 0-0: SINGLE (Line Drive, 7S)
Marcos Pérez scores
José González to second
Batting: LHB Arturo Nieves 0-0: Ground out 5-3 (Groundball, 56S)
Top of the 4th over - 2 runs, 4 hits, 0 errors, 2 left on base; Plymouth 2 - Clearwater 0
BOTTOM OF THE 4TH
Clearwater Crab People batting - Pitching for Plymouth Cocks : RHP Jim Sykes
Batting: RHB Brandon Davis 0-0: Ball
1-0: SINGLE (Line Drive, 4M)
Batting: RHB Palmer Frazier 0-0: Called Strike
0-1: Ball
1-1: Ball
2-1: SINGLE (Line Drive, 3D)
Brandon Davis to second
Runner from 2nd tries for 3rd, SAFE, no throw
Batting: LHB Ramón Martínez 0-0: Ball
1-0: Fly out, F9 (Flyball, 9LS)
Runner from 3rd tags up, SCORES, throw made
Batting: RHB Artie Mills 0-0: Called Strike
0-1: Foul Ball, location: 2F
0-2: Ball
1-2: Fly out, F8 (Flyball, 8RM)
Batting: RHB Derrek Lane 0-0: Fielders Choice at 2nd, 6-4 (Groundball, 6)
Bottom of the 4th over - 1 run, 2 hits, 0 errors, 1 left on base; Plymouth 2 - Clearwater 1
TOP OF THE 5TH
Plymouth Cocks batting - Pitching for Clearwater Crab People : RHP Domingo Feliciano
Batting: SHB José Chávez 0-0: Ball
1-0: SINGLE (Groundball, 6MS) (infield hit)
Batting: RHB Nicolas Fillion 0-0: Ball
1-0: Ball
2-0: Called Strike
2-1: Swinging Strike
2-2: Strikes out swinging
Batting: LHB T.J. Richardson 0-0: Called Strike
0-1: Ball
1-1: Fly out, F5 (Popup, 5SF)
Batting: RHB Dwayne Roldán 0-0: Ball
1-0: Called Strike
1-1: Fly out, F7 (Flyball, 7LSF)
Top of the 5th over - 0 runs, 1 hit, 0 errors, 1 left on base; Plymouth 2 - Clearwater 1
BOTTOM OF THE 5TH
Clearwater Crab People batting - Pitching for Plymouth Cocks : RHP Jim Sykes
Batting: RHB Terry Davis 0-0: Swinging Strike
0-1: Fly out, F9 (Flyball, 89M)
Batting: RHB Juan Carlos Cruz 0-0: Swinging Strike
0-1: Ball
1-1: Fly out, F9 (Line Drive, 9)
Batting: RHB Bud Manning 0-0: Fly out, F7 (Line Drive, 78M)
Bottom of the 5th over - 0 runs, 0 hits, 0 errors, 0 left on base; Plymouth 2 - Clearwater 1
TOP OF THE 6TH
Plymouth Cocks batting - Pitching for Clearwater Crab People : RHP Domingo Feliciano
Batting: RHB Marcos Pérez Error on foul ball, E3
0-1: Ball
1-1: Ball
2-1: Called Strike
2-2: SINGLE (Groundball, 6MD)
Batting: RHB Rafael Hill 0-0: Called Strike
0-1: Fly out, F9 (Line Drive, 89M)
Batting: RHB José González 0-0: Ball
1-0: Ball
2-0: Called Strike
2-1: Fly out, F7 (Flyball, 7D)
Batting: LHB Vito Ramírez 0-0: Ball
1-0: Swinging Strike
1-1: Ball
2-1: Swinging Strike
2-2: Strikes out swinging
Top of the 6th over - 0 runs, 1 hit, 1 error, 1 left on base; Plymouth 2 - Clearwater 1
BOTTOM OF THE 6TH
Clearwater Crab People batting - Pitching for Plymouth Cocks : RHP Jim Sykes
Batting: RHB Gerald Hayes 0-0: Fly out, F3 (Popup, 34S)
Batting: RHB Brandon Davis 0-0: Foul Ball, location: 2F
0-1: Foul Ball, location: 2F
0-2: Ground out 4-3 (Groundball, 34)
Batting: RHB Palmer Frazier 0-0: Called Strike
0-1: Ball
1-1: Ball
2-1: Called Strike
2-2: SINGLE (Groundball, 34D)
Batting: LHB Ramón Martínez 0-0: Ball
1-0: Ball
2-0: Ball
3-0: Base on Balls
Palmer Frazier to second
Batting: RHB Artie Mills 0-0: Called Strike
0-1: Ground out 3-1 (Groundball, 34S)
Bottom of the 6th over - 0 runs, 1 hit, 0 errors, 2 left on base; Plymouth 2 - Clearwater 1
TOP OF THE 7TH
Plymouth Cocks batting - Pitching for Clearwater Crab People : RHP Domingo Feliciano
Pitching: RHP Luis Arteaga
Batting: LHB Arturo Nieves 0-0: Ball
1-0: Ball
2-0: Called Strike
2-1: Ground out 3-1 (Groundball, 34S)
Batting: SHB José Chávez 0-0: Swinging Strike
0-1: Called Strike
0-2: Strikes out swinging
Batting: RHB Nicolas Fillion 0-0: Called Strike
0-1: Foul Ball, location: 2F
0-2: Ball
1-2: Strikes out swinging
Top of the 7th over - 0 runs, 0 hits, 0 errors, 0 left on base; Plymouth 2 - Clearwater 1
BOTTOM OF THE 7TH
Clearwater Crab People batting - Pitching for Plymouth Cocks : RHP Jim Sykes
Batting: RHB Derrek Lane 0-0: Ground out 6-3 (Groundball, 6)
Batting: RHB Terry Davis 0-0: Ground out 1-3 (Groundball, P)
Batting: RHB Juan Carlos Cruz 0-0: Ball
1-0: Called Strike
1-1: Foul Ball, location: 2F
1-2: Ball
2-2: Foul Ball, location: 2F
2-2: Ball
3-2: Fly out, F4 (Popup, 4S)
Bottom of the 7th over - 0 runs, 0 hits, 0 errors, 0 left on base; Plymouth 2 - Clearwater 1
TOP OF THE 8TH
Plymouth Cocks batting - Pitching for Clearwater Crab People : RHP Luis Arteaga
Batting: LHB T.J. Richardson 0-0: Ball
1-0: Swinging Strike
1-1: Foul Ball, location: 2F
1-2: Strikes out swinging
Batting: RHB Dwayne Roldán 0-0: Ball
1-0: Called Strike
1-1: Fly out, F4 (Line Drive, 4M)
Batting: RHB Marcos Pérez 0-0: Called Strike
0-1: Ball
1-1: Ball
2-1: Foul Ball, location: 2F
2-2: Strikes out looking
Top of the 8th over - 0 runs, 0 hits, 0 errors, 0 left on base; Plymouth 2 - Clearwater 1
BOTTOM OF THE 8TH
Clearwater Crab People batting - Pitching for Plymouth Cocks : RHP Jim Sykes
Now at 1B: Carlos Ruíz
Now at 3B: Sam Elder
Now in LF: Charlie Guzmén
Batting: RHB Bud Manning 0-0: Called Strike
0-1: Called Strike
0-2: Foul Ball, location: 2F
0-2: Foul Ball, location: 2F
0-2: Ball
1-2: Strikes out looking
Batting: RHB Gerald Hayes 0-0: Called Strike
0-1: Ground out 1-3 (Groundball, 15S)
Batting: RHB Brandon Davis 0-0: Called Strike
0-1: Called Strike
0-2: Ball
1-2: Strikes out swinging
Bottom of the 8th over - 0 runs, 0 hits, 0 errors, 0 left on base; Plymouth 2 - Clearwater 1
TOP OF THE 9TH
Plymouth Cocks batting - Pitching for Clearwater Crab People : RHP Luis Arteaga
Pitching: LHP Rubén López
Batting: RHB Rafael Hill 0-0: Called Strike
0-1: Ball
1-1: Foul Ball, location: 2F
1-2: Foul Ball, location: 2F
1-2: Strikes out looking
Batting: RHB José González 0-0: Ball
1-0: Ball
2-0: SINGLE (Line Drive, 9LM)
Pinch Runner at 1st Rafael Vargas:
Pinch Hitting: RHB Rob Palmer 0-0: Called Strike
0-1: Ball
1-1: Ball
2-1: Called Strike
2-2: Foul Ball, location: 2F
2-2: Fielders Choice at 2nd, 6-4 (Groundball, 6M)
Pinch Hitting: RHB James Bennett 0-0: Called Strike
0-1: Ground out 4-3 (Groundball, 34)
Top of the 9th over - 0 runs, 1 hit, 0 errors, 1 left on base; Plymouth 2 - Clearwater 1
BOTTOM OF THE 9TH
Clearwater Crab People batting - Pitching for Plymouth Cocks : RHP Jim Sykes
Pitching: RHP José Flores
Now at C: Augusto Vázquez
Now at SS: Rafael Vargas
Now in RF: Diego Molina
Pinch Hitting: LHB José Pérez 0-0: Fly out, F7 (Flyball, 7)
Batting: LHB Ramón Martínez 0-0: Called Strike
0-1: Ball
1-1: Ball
2-1: Fly out, F8 (Flyball, 89XD)
Batting: RHB Artie Mills 0-0: Called Strike
0-1: Ball
1-1: Ball
2-1: DOUBLE (Line Drive, 9LS)
Pinch Hitting: LHB Ryan Martin 0-0: Called Strike
0-1: Hit by Pitch
Pinch Hitting: RHB Garry Taylor 0-0: Fly out, F7 (Flyball, 7)
Bottom of the 9th over - 0 runs, 1 hit, 0 errors, 2 left on base; Plymouth 2 - Clearwater 1
Saturday, December 16th, 2017 - OOTP Baseball 18.8 Build 76